Workbook

Sheet presupuesto inicial
B3: ASOCIACION PARA EL DESARROLLO INTEGRAL Y CULTURAL
B4: DE LAS COMUNIDADES
B5: PRESUPUESTO DE LA CASA DEL ABUELO EL BUEN SAMARITANO
B6: AGUSTIN CODAZZI - CESAR
B8: CONCEPTOS | C8: VALOR
B9: CONTRATACION TALENTO HUMANO | C9: 153890000
B10: SERVICIO DE ALIMENTACION NUTRICIONAL BALANCEADA | C10: 96006000
B11: PROYECTOS PRODUCTIVOS PARA LA INCLUSION DEL ADULTO MAYOR | C11: 19450000
B12: SERVICIOS DE MEDICAMENTOS,SOLUCIONES E INSUMOS DEL AREA DE MEDICINA PARA EL ADULTO MAYOR | C12: 10500000
B13: PROYECTO PARA LA DOTACION Y BUEN VESTIR DEL ADULTO MAYOR | C13: 19404000
B14: ASEO GENERAL DEL ADULTO MAYOR Y LOCATIVO | C14: 39750000
B15: TRANSPORTE GENERAL | C15: 12000000
B16: GASTOS VARIOS O DIVERSOS | C16: 9000000
B17: INVERSION TOTAL DE FUNCIONAMIENTO | C17: =SUM(C9:C16) -> 360000000
B18: MAS ADMINISTRACION 10% | C18: 40000000
B19: VALOR TOTAL EJECUCIÓN | C19: =SUM(C17:C18) -> 400000000

Sheet INFORME 20 AB A 30 MAY2026
B3: ASOCIACION PARA EL DESARROLLO INTEGRAL Y CULTURAL
B4: DE LAS COMUNIDADES
B5: CASA DEL ABUELO "EL BUEN SAMARITANO"
B6: CONTRATACION TALENTO HUMANO
B7: DEL 20 DE ABRIL AL 30 DE MAYO/2026
B8: FECHA | C8: CONCEPTO | D8: VALOR
B9: 30/04/2026 | C9: PAGO PRESTACION DE SERVICIOS COMO ADMINISTRADOR EN EL ANCIANATO EL BUEN SAMARITANO DEL 20 AL 30 DE ABRIL /2026 | D9: 1320000
B10: 30/04/2026 | C10: PAGO PRESTACION DE SERVICIOS COMO COORDINADORA EN EL ANCIANATO EL BUEN SAMARITANO DEL 20 AL 30 DE ABRIL /2026. RETENCION $51,333 VALOR PAGADO $1,232,000 | D10: 1283333
B11: 30/04/2026 | C11: PAGO PRESTACION DE SERVICIOS COMO SERVICIO GENERAL (OFICIOS VARIOS) EN EL ANCIANATO EL BUEN SAMARITANO DEL 20 AL 30 DE ABRIL /2026 | D11: 843000
B12: 30/04/2026 | C12: PAGO PRESTACION DE SERVICIOS COMO SERVICIOS GENERALES EN EL ANCIANATO EL BUEN SAMARITANO DEL 20 AL 30 DE ABRIL /2026 | D12: 806667
B13: 30/04/2026 | C13: PAGO PRESTACION DE SERVICIOS COMO AUXILIAR DE ENFERMERIA EN EL ANCIANATO EL BUEN SAMARITANO DEL 20 AL 30 DE ABRIL /2026 | D13: 806667
B14: 30/04/2026 | C14: PAGO PRESTACION DE SERVICIOS COMO AUXILIAR DE ENFERMERIA EN EL ANCIANATO EL BUEN SAMARITANO DEL 20 AL 30 DE ABRIL /2026 | D14: 806667
B15: 30/04/2026 | C15: PAGO PRESTACION DE SERVICIOS COMO AUXILIAR DE ENFERMERIA EN EL ANCIANATO EL BUEN SAMARITANO DEL 20 AL 30 DE ABRIL /2026 | D15: 806667
B16: 30/04/2026 | C16: PAGO PRESTACION DE SERVICIOS COMO AUXILIAR DE ENFERMERIA EN EL ANCIANATO EL BUEN SAMARITANO DEL 20 AL 30 DE ABRIL /2026 | D16: 806667
B17: 30/04/2026 | C17: PAGO PRESTACION DE SERVICIOS COMO SERVICIOS GENERALES EN EL ANCIANATO EL BUEN SAMARITANO DEL 20 AL 30 DE ABRIL /2026 | D17: 806667
B18: 30/04/2026 | C18: PAGO PRESTACION DE SERVICIOS COMO SERVICIOS GENERALES EN EL ANCIANATO EL BUEN SAMARITANO DEL 20 AL 30 DE ABRIL /2026 | D18: 806667
B19: 30/04/2026 | C19: PAGO PRESTACION DE SERVICIOS COMO SERVICIOS GENERALES EN EL ANCIANATO EL BUEN SAMARITANO DEL 20 AL 30 DE ABRIL /2026 | D19: 806667
B20: 30/04/2026 | C20: PAGO PRESTACION DE SERVICIOS COMO MANIPULADORA DE ALIMENTOS EN EL ANCIANATO EL BUEN SAMARITANO DEL 20 AL 30 DE ABRIL /2026 | D20: 806667
... B54: 30/05/2026 | C54: PAGO PRESTACION DE SERVICIOS AL CUIDADO DE LOS PROYECTOS PRODUCTIVOS EN EL ANCIANATO EL BUEN SAMARITANO DEL MES DE MAYO /2026. RETENCION $96.000 Y VALOR PAGADO $1,504,0000 | D54: 1600000
B55: TOTAL GASTOS TALENTO HUMANO | D55: =SUM(D9:D54) -> 68003003
B58: ASOCIACION PARA EL DESARROLLO INTEGRAL Y CULTURAL
B59: DE LAS COMUNIDADES
B60: CASA DEL ABUELO "EL BUEN SAMARITANO"
B61: SERVICIO DE ALIMENTACION NUTRICIONAL BALANCEADA
B62: DEL 20 DE ABRIL AL 30 DE MAYO/2026
B63: FECHA | C63: CONCEPTO | D63: VALOR
B64: 30/04/2026 | C64: GASTOS MANUTENCION PARA LOS ABUELOS DEL ANCIANATO. FACTURAS N. FE 614- CARMEN CECILIA GELVEZ ROMERO. VALOR RETEFUENTE $ 730,148 Y VALOR PAGADO $ 29,269,852 | D64: 30000000
B65: 30/05/2026 | C65: GASTOS MANUTENCION PARA LOS ABUELOS DEL ANCIANATO. FACTURAS N. FE 621- CARMEN CECILIA GELVEZ ROMERO. VALOR RETEFUENTE $835,710 Y VALOR PAGADO $ 33,164,290 | D65: 34000000
B66: TOTAL SERVICIOS DE ALIMENTACION NUTRICIONAL BALANCEADA | D66: =SUM(D64:D65) -> 64000000
B70: ASOCIACION PARA EL DESARROLLO INTEGRAL Y CULTURAL
B71: DE LAS COMUNIDADES
B72: CASA DEL ABUELO "EL BUEN SAMARITANO"
B73: PROYECTOS PRODUCTIVOS PARA LA INCLUSION DEL ADULTO MAYOR
B74: DEL 20 DE ABRIL AL 30 DE MAYO/2026
B75: FECHA | C75: CONCEPTO | D75: VALOR
B76: 46150 | C76: GASTOS INSUMOS PARA PROYECTOS PRODUCTIVO PARA LOS ABUELOS DEL ANCIANATO. FACTURAS N. FV 1748- NATALY PAOLA JIMENEZ ARIZA. | D76: 170000
B77: 46150 | C77: GASTOS INSUMOS PARA PROYECTOS PRODUCTIVO PARA LOS ABUELOS DEL ANCIANATO. FACTURAS N. FV 1730- NATALY PAOLA JIMENEZ ARIZA. | D77: 1445000
B78: 46151 | C78: GASTOS INSUMOS PARA PROYECTOS PRODUCTIVO PARA LOS ABUELOS DEL ANCIANATO. FACTURAS N. FV 1759- NATALY PAOLA JIMENEZ ARIZA. | D78: 170000
B79: 46154 | C79: GASTOS INSUMOS PARA PROYECTOS PRODUCTIVO PARA LOS ABUELOS DEL ANCIANATO. FACTURAS N. FV 1776- NATALY PAOLA JIMENEZ ARIZA. | D79: 170000
B80: 46155 | C80: GASTOS INSUMOS PARA PROYECTOS PRODUCTIVO PARA LOS ABUELOS DEL ANCIANATO. FACTURAS N. FV 1799- NATALY PAOLA JIMENEZ ARIZA. | D80: 255000
B81: 46156 | C81: GASTOS INSUMOS PARA PROYECTOS PRODUCTIVO PARA LOS ABUELOS DEL ANCIANATO. FACTURAS N. FV 1816- NATALY PAOLA JIMENEZ ARIZA. | D81: 340000
B82: 46157 | C82: GASTOS INSUMOS PARA PROYECTOS PRODUCTIVO PARA LOS ABUELOS DEL ANCIANATO. FACTURAS N. FV 1827- NATALY PAOLA JIMENEZ ARIZA. | D82: 340000
B83: TOTAL GASTOS PROYECTOS PRODUCTIVOS -INCLUSION ADULTO MAYOR | D83: =SUM(D76:D82) -> 2890000
B88: ASOCIACION PARA EL DESARROLLO INTEGRAL Y CULTURAL
B89: DE LAS COMUNIDADES
B90: CASA DEL ABUELO "EL BUEN SAMARITANO"
B91: SERVICIOS DE MEDICAMENTOS,SOLUCIONES E INSUMOS DEL AREA DE MEDICINA PARA EL ADULTO MAYOR
B92: DEL 20 DE ABRIL AL 30 DE MAYO/2026
B93: FECHA | C93: CONCEPTO | D93: VALOR
B94: 30/04/2026 | C94: GASTOS MEDICAMENTOS PARA ABUELOS DEL ANCIANATO- FACTURA N. FE613- CARMEN CECILIA GELVEZ ROMERO. VALOR RETEFUENTE $72,988 Y VALOR A PAGAR $ 2.927,012 | D94: 3000000
B95: 46169 | C95: GASTOS MEDICAMENTOS PARA ABUELOS DEL ANCIANATO- FACTURA N. FE 619- CARMEN CECILIA GELVEZ ROMERO. VALOR RETEFUENTE $87,500 Y VALOR A PAGAR $ 3,412,500 | D95: 3500000
B96: TOTAL GASTOS DE MEDICAMENTOS, SOLUCIONES E INSUMOS | D96: =SUM(D94:D95) -> 6500000
B99: ASOCIACION PARA EL DESARROLLO INTEGRAL Y CULTURAL
B100: DE LAS COMUNIDADES
B101: CASA DEL ABUELO "EL BUEN SAMARITANO"
B102: PROYECTO PARA LA DOTACION Y BUEN VESTIR DEL ADULTO MAYOR
B103: DEL 20 DE ABRIL AL 30 DE MAYO/2026
B104: FECHA | C104: CONCEPTO | D104: VALOR
B105: 46146 | C105: GASTOS DOTACION PARA ABUELOS DEL ANCIANATO- GLADYS MARIA FUENTES ARDILA. VALOR RETEFUENTE $ 273,420 Y VALOR PAGADO $7,538,580 | D105: 7812000
B106: TOTAL GASTOS DOTACION Y BUEN VESTIR ADULTO MAYOR | D106: =SUM(D105:D105) -> 7812000
B110: ASOCIACION PARA EL DESARROLLO INTEGRAL Y CULTURAL
B111: DE LAS COMUNIDADES
B112: CASA DEL ABUELO "EL BUEN SAMARITANO"
B113: ASEO GENERAL DEL ADULTO MAYOR Y LOCATIVO
B114: DEL 20 DE ABRIL AL 30 DE MAYO/2026
B115: FECHA | C115: CONCEPTO | D115: VALOR
B116: 30/04/2026 | C116: GASTOS VARIOS PARA ABUELOS DEL ANCIANATO- COMPRA ELEMENTOS DE ASEO FACTURA N. FE 612- CARMEN CECILIA GELVEZ ROMERO. VALOR RETEFUENTE $ 148,775 Y VALOR PAGADO $6,851,225 | D116: 7000000
B117: 30/04/2026 | C117: GASTOS VARIOS PARA ABUELOS DEL ANCIANATO- COMPRA ELEMENTOS DE ASEO FACTURA N. FEMG 1141- WILMER SANCHEZ VILLALOBO. RETEFUENTE $109,642 VALOR A PAGAR $5,109,358 | D117: 5219000
B118: 46157 | C118: GASTOS VARIOS PARA ABUELOS DEL ANCIANATO- COMPRA ELEMENTOS DE ASEO FACTURA N. FEMG 1441- MILDRETH DEL SOCORRO GELVES RAMIREZ. . RETEFUENTE $150,882 VALOR A PAGAR $7,031,118 | D118: 7182000
B119: 46157 | C119: GASTOS VARIOS PARA ABUELOS DEL ANCIANATO- COMPRA ELEMENTOS DE ASEO FACTURA N. FE 620- CARMEN CECILIA GELVEZ ROMERO. VALOR RETEFUENTE $ 147,477 Y VALOR PAGADO $6,852,523 | D119: 7000000
B120: TOTAL GASTOS ASEO GENERAL DEL ADULTO MAYOR Y LOCATIVO | D120: =SUM(D116:D119) -> 26401000
B126: ASOCIACION PARA EL DESARROLLO INTEGRAL Y CULTURAL
B127: DE LAS COMUNIDADES
B128: CASA DEL ABUELO "EL BUEN SAMARITANO"
B129: TRANSPORTE GENERAL
B130: DEL 20 DE ABRIL AL 30 DE MAYO/2026
B131: FECHA | C131: CONCEPTO | D131: VALOR
B132: 46135 | C132: GASTOS VARIOS PARA EL ANCIANATO PARA TRANSPORTE PARA COMPRA DE VIVERES, CITAS MEDICAS Y DILIGENCIA DE OFICINA - LUIS CARLOS RODRIGUEZ LIÑAN | D132: 480000
B133: 46141 | C133: GASTOS VARIOS PARA EL ANCIANATO PARA TRANSPORTE PARA COMPRA DE VIVERES, CITAS MEDICAS Y DILIGENCIA DE OFICINA - LUIS CARLOS RODRIGUEZ LIÑAN | D133: 390000
B134: 30/04/2026 | C134: GASTOS VARIOS PARA EL ANCIANATO PARA TRANSPORTE PARA COMPRA DE VIVERES, CITAS MEDICAS Y DILIGENCIA DE OFICINA - COOTRACOD | D134: 1382000
B135: 46150 | C135: GASTOS VARIOS PARA EL ANCIANATO PARA TRANSPORTE PARA COMPRA DE VIVERES, CITAS MEDICAS Y DILIGENCIA DE OFICINA - LUIS CARLOS RODRIGUEZ LIÑAN | D135: 490000
B136: 46161 | C136: GASTOS VARIOS PARA EL ANCIANATO PARA TRANSPORTE PARA COMPRA DE VIVERES, CITAS MEDICAS Y DILIGENCIA DE OFICINA - LUIS CARLOS RODRIGUEZ LIÑAN | D136: 460000
B137: 46171 | C137: GASTOS VARIOS PARA EL ANCIANATO PARA TRANSPORTE PARA COMPRA DE VIVERES, CITAS MEDICAS Y DILIGENCIA DE OFICINA - LUIS CARLOS RODRIGUEZ LIÑAN | D137: 460000
B138: 46172 | C138: GASTOS VARIOS PARA EL ANCIANATO PARA TRANSPORTE PARA COMPRA DE VIVERES, CITAS MEDICAS Y DILIGENCIA DE OFICINA - COOTRACOD | D138: 3476000
B139: TOTAL GASTOS TRANSPORTE GENERAL | D139: =SUM(D132:D138) -> 7138000
B143: ASOCIACION PARA EL DESARROLLO INTEGRAL Y CULTURAL
B144: DE LAS COMUNIDADES
B145: CASA DEL ABUELO "EL BUEN SAMARITANO"
B146: GASTOS VARIOS O DIVERSOS
B147: DEL 20 DE ABRIL AL 30 DE MAYO/2026
B148: FECHA | C148: CONCEPTO | D148: VALOR
B149: 30/04/2026 | C149: GASTOS VARIOS PARA EL ANCIANATO PAGO SERVICIO DE AGUA- FACTURA 2535265- EMCODAZZI | D149: 229320
B150: 30/04/2026 | C150: GASTOS VARIOS PARA EL ANCIANATO PAGO SERVICIO DE GAS- FACTURA 63019329- VANTI | D150: 977200
B151: 46146 | C151: GASTOS VARIOS PARA EL ANCIANATO PAGO REPUESTOS PARA MANTENIMIENTOS DE LAS LAVADORA- LUIS ERNESTO CRUZ HERRERA | D151: 330000
B152: 46147 | C152: GASTOS VARIOS PARA EL ANCIANATO PAGO SERVICIO DE INTERNET- UFIMAX SAS | D152: 50000
B153: 46155 | C153: GASTOS VARIOS PARA EL ANCIANATO PAGO PARA REPARACIONES Y MANTENIMIENTOS EN LAS INSTALACIONES LOCATIVAS- JOSE JAVIER GONZALEZ CAMARGO. RETENCIONES $26,250 Y VALOR PAGADO $723,750 | D153: 750000
B154: 46172 | C154: GASTOS VARIOS PARA EL ANCIANATO PAGO COMPRA DE MATERIALES PARA REPARACIONES Y MANTENIMIENTOS EN LAS INSTALACIONES LOCATIVAS- MERCEDES DEVIA RODRIGUEZ - FACTURAS N. ELEC 3610 Y ELEC 3609 | D154: =563502+401991 -> 965493
B155: TOTAL GASTOS VARIO O DIVERSOS | D155: =SUM(D149:D154) -> 3302013
B159: ASOCIACION PARA EL DESARROLLO INTEGRAL Y CULTURAL
B160: DE LAS COMUNIDADES
...

Sheet TOTAL GASTOS
B2: ASOCIACION PARA EL DESARROLLO INTEGRAL Y CULTURAL
B3: DE LAS COMUNIDADES
B4: CASA DEL ABUELO EL BUEN SAMARITANO
B5: AGUSTIN CODAZZI - CESAR
B6: DEL 20 DE ABRIL AL 30 DE MAYO/2026
B7: CONCEPTOS | C7: GASTOS EJECUTADOS
B8: CONTRATACION TALENTO HUMANO | C8: ='INFORME 20 AB A 30 MAY2026'!D55 -> 68003003
B9: SERVICIO DE ALIMENTACION NUTRICIONAL BALANCEADA | C9: ='INFORME 20 AB A 30 MAY2026'!D66 -> 64000000
B10: PROYECTOS PRODUCTIVOS PARA LA INCLUSION DEL ADULTO MAYOR | C10: ='INFORME 20 AB A 30 MAY2026'!D83 -> 2890000
B11: SERVICIOS DE MEDICAMENTOS,SOLUCIONES E INSUMOS DEL AREA DE MEDICINA PARA EL ADULTO MAYOR | C11: ='INFORME 20 AB A 30 MAY2026'!D96 -> 6500000
B12: PROYECTO PARA LA DOTACION Y BUEN VESTIR DEL ADULTO MAYOR | C12: ='INFORME 20 AB A 30 MAY2026'!D106 -> 7812000
B13: ASEO GENERAL DEL ADULTO MAYOR Y LOCATIVO | C13: ='INFORME 20 AB A 30 MAY2026'!D120 -> 26401000
B14: TRANSPORTE GENERAL | C14: ='INFORME 20 AB A 30 MAY2026'!D139 -> 7138000
B15: GASTOS VARIOS O DIVERSOS | C15: ='INFORME 20 AB A 30 MAY2026'!D155 -> 3302013
B16: INVERSION TOTAL DE FUNCIONAMIENTO | C16: =SUM(C8:C15) -> 186046016
B17: MAS ADMINISTRACION 10% | C17: ='INFORME 20 AB A 30 MAY2026'!D171 -> 33614006
B18: VALOR TOTAL GASTOS EJECUTADOS A 30 DE MAYO/26 | C18: =SUM(C16:C17) -> 219660022

Sheet PRESUPUESTO EJECUTADO
B3: ASOCIACION PARA EL DESARROLLO INTEGRAL Y CULTURAL
B4: DE LAS COMUNIDADES
B5: CASA DEL ABUELO EL BUEN SAMARITANO
B6: AGUSTIN CODAZZI - CESAR
B7: DEL 20 DE ABRIL AL 30 DE MAYO/2026
B8: CONCEPTOS | C8: PRESUPUESTO | D8: GASTOS EJECUTADOS | E8: VALOR POR EJECUTAR
B9: CONTRATACION TALENTO HUMANO | C9: 153890000 | D9: 68003003 | E9: =C9-D9 -> 85886997
B10: SERVICIO DE ALIMENTACION NUTRICIONAL BALANCEADA | C10: 96006000 | D10: 64000000 | E10: =C10-D10 -> 32006000
B11: PROYECTOS PRODUCTIVOS PARA LA INCLUSION DEL ADULTO MAYOR | C11: 19450000 | D11: 2890000 | E11: =C11-D11 -> 16560000
B12: SERVICIOS DE MEDICAMENTOS,SOLUCIONES E INSUMOS DEL AREA DE MEDICINA PARA EL ADULTO MAYOR | C12: 10500000 | D12: 6500000 | E12: =C12-D12 -> 4000000
B13: PROYECTO PARA LA DOTACION Y BUEN VESTIR DEL ADULTO MAYOR | C13: 19404000 | D13: 7812000 | E13: =C13-D13 -> 11592000
B14: ASEO GENERAL DEL ADULTO MAYOR Y LOCATIVO | C14: 39750000 | D14: 26401000 | E14: =C14-D14 -> 13349000
B15: TRANSPORTE GENERAL | C15: 12000000 | D15: 7138000 | E15: =C15-D15 -> 4862000
B16: GASTOS VARIOS O DIVERSOS | C16: 9000000 | D16: 3302013 | E16: =C16-D16 -> 5697987
B17: INVERSION TOTAL DE FUNCIONAMIENTO | C17: =SUM(C9:C16) -> 360000000 | D17: =SUM(D9:D16) -> 186046016 | E17: =C17-D17 -> 173953984
B18: MAS ADMINISTRACION 10% | C18: 40000000 | D18: 33614006 | E18: =C18-D18 -> 6385994
B19: VALOR TOTAL GASTOS EJECUTADO A MAYO 30/2026 | C19: =SUM(C17:C18) -> 400000000 | D19: =D17+D18 -> 219660022 | E19: =SUM(E17:E18) -> 180339978
